 Dungeon Crawl Stone Soup version 0.18-a0-1764-gf4ddf0b (webtiles) character file.

26016 Moloch the Thaumaturge (level 12, -4/81 HPs)
             Began as a Black Draconian Wizard on Apr 12, 2016.
             Was an Elder of Vehumet.
             Slain by a death yak (18 damage)
             ... on level 4 of the Lair of Beasts on Apr 13, 2016.
             The game lasted 01:37:14 (22111 turns).

Moloch the Thaumaturge (Black Draconian Wizard)    Turns: 22111, Time: 01:37:15

Health: -4/81      AC: 11    Str:  9    XL:     12   Next: 94%
Magic:  13/29      EV: 12    Int: 23    God:    Vehumet [****..]
Gold:   1014       SH:  0    Dex: 11    Spells: 10 memorised, 7 levels left

rFire  + . .     SeeInvis .     E - +0 rapier (venom)
rCold  . . .     Gourm    .     (armour unavailable)
rNeg   . . .     Faith    .     (no shield)
rPois  +         Spirit   .     a - +0 hat
rElec  +         Dismiss  .     (no cloak)
rCorr  .         Reflect  .     (no gloves)
SustAt .         Harm     .     g - +2 pair of boots
MR     .....                    (no amulet)
Stlth  ++........               R - ring of poison resistance
                                h - ring of wizardry

@: not resistant to hostile enchantments, unstealthy
A: breathe lightning, unfitting armour, antennae 1, stinger 1, talons 1, fire
resistance 1, electricity resistance, cold-blooded, AC +8
a: Breathe Lightning, Renounce Religion


You were on level 4 of the Lair of Beasts.
You worshipped Vehumet.
Vehumet was greatly pleased with you.
You were hungry.

You visited 4 branches of the dungeon, and saw 17 of its levels.
You also visited: Sewer.

You collected 1014 gold pieces.

Inventory:

Hand Weapons
 y - a +2 halberd of freezing
 E - a +0 rapier of venom (weapon)
 F - a +0 blowgun
Missiles
 l - 73 poisoned needles
 m - 3 throwing nets (quivered)
 I - 12 curare-tipped needles
 X - 3 needles of frenzy
Armour
 a - a +0 hat (worn)
 g - a +2 pair of boots (worn)
 i - a +2 buckler
Jewellery
 h - a ring of wizardry (left hand)
 o - an uncursed ring of see invisible
 R - a ring of poison resistance (right hand)
Wands
 x - a wand of acid (9/15)
 J - a wand of acid (6/15)
 M - a wand of iceblast (6/15)
 U - a wand of paralysis (15/24)
 Y - a wand of enslavement (12/24)
Scrolls
 e - a scroll of acquirement {unknown}
 j - a scroll of immolation
 t - 3 scrolls of amnesia {unknown}
 A - 7 scrolls of remove curse
 D - a scroll of fear
 H - 2 scrolls of blinking {unknown}
 K - 2 scrolls of teleportation
 L - a scroll of noise {unknown}
 O - 11 scrolls of identify
 W - a scroll of enchant armour {unknown}
 Z - a scroll of torment {unknown}
Potions
 d - a potion of cancellation
 k - a potion of cure mutation
 n - 3 potions of ambrosia
 p - 4 potions of curing
 q - 4 potions of magic
 r - a potion of berserk rage {unknown}
 s - 5 potions of haste
 u - a potion of heal wounds
 v - 3 potions of degeneration {unknown}
 w - 4 potions of brilliance
 z - 2 potions of flight {unknown}
 B - 3 potions of lignification {unknown}
 P - a potion of mutation {unknown}
 Q - a potion of agility
 T - 2 potions of beneficial mutation {unknown}
Books
 b - a book of Minor Magic

   Spells                             Type                      Level
   a - Magic Dart                     Conjuration                  1
   b - Blink                          Translocation                2
   c - Call Imp                       Summoning                    2
   d - Repel Missiles                 Charms/Air                   2
   e - Slow                           Hexes                        2
   f - Conjure Flame                  Conjuration/Fire             3
   g - Mephitic Cloud                 Conjuration/Poison/Air       3
 C - a book of Fire

   Spells                             Type                      Level
   a - Ignite Poison                  Fire/Transmutation/Poison    3
   b - Fireball                       Conjuration/Fire             5
   c - Bolt of Fire                   Conjuration/Fire             6
   d - Delayed Fireball               Conjuration/Fire             7
   e - Ring of Flames                 Charms/Fire                  7
Miscellaneous
 N - a plain deck of wonders
Comestibles
 c - 11 bread rations
 f - 11 meat rations
 G - 4 slices of pizza
 S - 6 fruits


   Skills:
 - Level 1.7 Dodging
 - Level 1.7 Stealth
 + Level 13.0 Spellcasting
 + Level 11.8 Conjurations
 - Level 1.0 Summonings
 - Level 1.0 Translocations
 - Level 6.0 Fire Magic
 * Level 12.3 Air Magic


You had 7 spell levels left.
You knew the following spells:

 Your Spells              Type           Power        Failure   Level  Hunger
a - Magic Dart            Conj           ####         1%          1    None
b - Blink                 Tloc           N/A          1%          2    None
c - Call Imp              Summ           ###.....     1%          2    None
d - Mephitic Cloud        Conj/Pois/Air  ######..     1%          3    None
e - Conjure Flame         Conj/Fire      ######..     1%          3    None
f - Repel Missiles        Chrm/Air       #####.       1%          2    None
g - Fireball              Conj/Fire      ######....   1%          5    ###....
h - Bolt of Fire          Conj/Fire      ######....   2%          6    #####..
i - Delayed Fireball      Conj/Fire      N/A          19%         7    ######.
j - Sticky Flame          Conj/Fire      ######..     1%          4    None


Dungeon Overview and Level Annotations

Branches:
Dungeon (11/15)            Temple (1/1) D:4            Lair (4/8) D:11
 Shoals (0/4) Lair:3          Orc (1/2) D:9
  Snake: Lair:3-6    Spider: Lair:3-6

Altars:
Ashenzari
Cheibriados
Dithmenos
Elyvilon
Fedhas
Gozag
Kikubaaqudgha
Makhleb
Nemelex Xobeh
Okawaru
Pakellas
Qazlal
Ru
Sif Muna
Trog
Vehumet
Xom
Yredelemnul
Zin
The Shining One
Lugonu

Shops:
D:6 }   D:9 (   D:11 (

Annotations:
D:8 exclusion: downstairs
D:10 exclusion: downstairs


Innate Abilities, Weirdness & Mutations

You can breathe wild blasts of lightning.
Your glossy black scales are hard (AC +8).
Your body does not fit into most forms of armour.
You are resistant to electric shocks.
You are cold-blooded and may be slowed by cold attacks.
You have a pair of small antennae on your head.
Your tail ends in a poisonous barb.
You have sharp toenails.
Your flesh is heat resistant.


Message History

Confirm with . or Enter, or press ? or * to list all spells.
Aiming: Sticky Flame
Press: ? - help, Shift-Dir - straight line, f/p - death yak
Aim: a death yak (flame, heavily wounded)
The sticky flame hits the death yak.
The death yak appears unharmed.
The death yak is heavily wounded.
The death yak is covered in liquid flames!
The death yak burns!
The death yak is engulfed in roaring flames.
The death yak gores you!!
You hit the death yak.
The death yak is poisoned.
Your tail-slap misses the death yak.
The death yak is severely wounded.
The death yak burns!
The death yak is engulfed in roaring flames.
The death yak gores you!!
* * * LOW HITPOINT WARNING * * *
The death yak is engulfed in roaring flames.
The death yak gores you!!
You die...

#........#.Y...+..
##..........##.... #+#
#......÷..#.###.. #.#
###..######## ##+ #.#
##.#.# ##.# ####...##
#P.# #.....#.# ###>#
###Y...### ##.#'####
#P@#+.### #.......#
##.......#
#.......####.+......#
##.......##P.........##
#........#....#.......#
##......†+.P.##......##
#........#####..........
#.#####..# #......+...
### #### #......#..#


You could see a death yak (burning).

Vanquished Creatures
  A hydra (Lair:2)
  Erica (D:11)
  The ghost of ReniFell the Blocker, a novice MiFi of Trog (D:10)
  Sonja (D:11)
  An unseen horror (D:10)
  3 hill giants
  A griffon (Lair:2)
  3 ugly things
  A manticore (Lair:3)
  2 cyclopes (D:11)
  4 black mambas
  Joseph (D:9)
  7 elephants
  6 spiny frogs
  3 komodo dragons
  2 two-headed ogres
  A vampire (D:11)
  A shadow (D:9)
  23 yaks
  3 hungry ghosts
  A human (D:7)
  Eustachio (D:6)
  3 hippogriffs
  9 water moccasins
  2 porcupines
  10 orc warriors
  3 ice beasts
  A sky beast (D:8)
  A black bear (D:8)
  A wasp (D:9)
  5 ogres
  A phantom (D:8)
  A centaur (D:8)
  8 crocodiles
  Blork the orc (D:5)
  18 giant frogs
  A wyvern skeleton (D:10)
  3 scorpions
  3 jellies
  3 killer bees (D:10)
  9 wights
  7 howler monkeys
  2 crimson imps
  A centaur zombie (D:6)
  5 hounds
  A quasit (D:8)
  12 orc priests
  A centaur skeleton (D:4)
  A giant frog skeleton (D:5)
  12 orc wizards
  4 worker ants
  8 iguanas
  9 sheep
  A hound zombie (D:6)
  2 hound skeletons
  8 gnolls
  18 adders
  10 river rats
  2 shadow imps
  An ooze (D:7)
  An adder zombie (D:5)
  2 worms
  5 dart slugs
  5 giant geckos
  40 orcs
  5 ball pythons
  14 bats
  7 giant cockroaches
  12 goblins
  13 hobgoblins
  4 jackals
  7 quokkas
  4 giant newts
  2 jackal zombies
  13 kobolds
  A quokka skeleton (D:10)
  38 rats
429 creatures vanquished.

Vanquished Creatures (collateral kills)
  Grinder (D:5)
  The ghost of skk the Sneak, an amateur DsAs of Dithmenos (D:3)
  A killer bee (D:9)
  An adder (D:6)
  A rat (Sewer)
5 creatures vanquished.

Vanquished Creatures (others)
  A fungus (D:11)
1 creature vanquished.

Grand Total: 435 creatures vanquished

Notes
Turn   | Place    | Note
--------------------------------------------------------------
     0 | D:1      | Moloch the Draconian Wizard began the quest for the Orb.
     0 | D:1      | Reached XP level 1. HP: 14/14 MP: 4/4
   322 | D:1      | Reached XP level 2. HP: 20/20 MP: 1/6
   475 | D:1      | Learned a level 2 spell: Blink
   478 | D:1      | Learned a level 2 spell: Call Imp
   852 | D:1      | Reached XP level 3. HP: 14/26 MP: 5/8
  1074 | D:1      | Learned a level 3 spell: Mephitic Cloud
  1375 | D:2      | Reached skill level 4 in Spellcasting
  1690 | D:2      | Found a stormy altar of Qazlal.
  1706 | D:2      | Reached XP level 4. HP: 33/33 MP: 1/10
  1778 | D:2      | Learned a level 3 spell: Conjure Flame
  1893 | D:2      | You fall through a shaft!
  1964 | D:3      | Noticed skk's ghost (amateur DsAs)
  2298 | D:2      | Upgraded the game from 0.18-a0-1748-g7377c14 to 0.18-a0-1764-gf4ddf0b
  2337 | D:3      | Reached XP level 5. HP: 38/38 MP: 4/11
  2594 | D:3      | Found a glowing drain.
  2605 | Sewer    | Entered a sewer
  3242 | Sewer    | Noticed namelastname112's ghost (amateur DrSu)
  4069 | D:3      | Reached XP level 6. HP: 33/45 MP: 8/13
  4246 | D:3      | Killed skk's ghost
  4246 | D:3      | Reached skill level 5 in Spellcasting
  4517 | D:4      | Found a basalt altar of Yredelemnul.
  4667 | D:4      | Reached skill level 5 in Conjurations
  4707 | D:4      | Found an iron altar of Okawaru.
  4940 | D:4      | Found a white marble altar of Elyvilon.
  5112 | D:4      | Noticed a hungry ghost
  5161 | D:4      | Killed a hungry ghost
  5161 | D:4      | Your scales start taking on a glossy black colour.
  5161 | D:4      | Reached XP level 7. HP: 50/50 MP: 0/15
  5161 | D:4      | Gained mutation: You are resistant to electric shocks. [Black Draconian growth]
  5165 | D:4      | Learned a level 2 spell: Repel Missiles
  5175 | D:4      | Found a staircase to the Ecumenical Temple.
  5558 | D:4      | Reached skill level 6 in Spellcasting
  5576 | D:4      | Reached skill level 1 in Air Magic
  5855 | Temple   | Entered the Ecumenical Temple
  5869 | Temple   | Became a worshipper of Vehumet
  5906 | D:5      | Entered Level 5 of the Dungeon
  5949 | D:5      | Found a shadowy altar of Dithmenos.
  6220 | D:5      | Noticed Blork the orc
  6242 | D:5      | Killed Blork the orc
  6258 | D:5      | Reached XP level 8. HP: 54/57 MP: 10/18
  6300 | D:5      | Noticed Grinder
  6320 | D:5      | Paralysed by Grinder for 2 turns
  6325 | D:5      | Paralysed by Grinder for 3 turns
  6331 | D:5      | Killed Grinder
  6494 | D:5      | Reached skill level 7 in Spellcasting
  6847 | D:6      | Reached skill level 1 in Fire Magic
  6875 | D:6      | Found Baolioxi's Gadget Shoppe.
  7051 | D:6      | Noticed Eustachio
  7072 | D:6      | Killed Eustachio
  7523 | D:7      | Found a blossoming altar of Fedhas.
  7734 | D:6      | Reached * piety under Vehumet
  7734 | D:6      | Offered knowledge of Shock by Vehumet.
  7845 | D:7      | Found a sparkling altar of Nemelex Xobeh.
  7881 | D:7      | Found a deep blue altar of Sif Muna.
  7987 | D:7      | Reached XP level 9. HP: 62/62 MP: 13/20
  8022 | D:7      | Reached skill level 8 in Spellcasting
  8246 | D:7      | Reached skill level 5 in Air Magic
  8274 | D:7      | Learned a level 5 spell: Fireball
  8277 | D:7      | Found a burning altar of Makhleb.
  8729 | D:8      | Gained mutation: You are weak. (Str -2) [mutagenic meat]
  8730 | D:8      | Gained mutation: You tend to lose your temper in combat. [mutagenic meat]
  8731 | D:8      | Gained mutation: Your flesh is heat resistant. [mutagenic meat]
  8732 | D:8      | Gained mutation: You have an increased reservoir of magic (+10% MP). [mutagenic meat]
  8733 | D:8      | Gained mutation: Scrolls take you a little longer to read. [mutagenic meat]
  8904 | D:8      | Got a translucent flail
  8980 | D:8      | Noticed a cyan ugly thing
  9054 | D:8      | Found an ancient bone altar of Kikubaaqudgha.
  9054 | D:8      | Found a shattered altar of Ashenzari.
  9055 | D:8      | Found a glowing golden altar of the Shining One.
  9180 | D:8      | Identified the cursed +2 flail "Quiresch" {vamp, rElec rPois rC- Dex-4} (You found it on level 8 of the Dungeon)
  9854 | D:8      | Killed a cyan ugly thing
  9854 | D:8      | Reached skill level 9 in Spellcasting
 10013 | D:8      | Found a glowing silver altar of Zin.
 10014 | D:8      | Found an opulent altar of Gozag.
 10147 | D:8      | Reached XP level 10. HP: 61/69 MP: 13/25
 10314 | D:9      | Found a staircase to the Orcish Mines.
 10342 | D:9      | Offered knowledge of Throw Frost by Vehumet.
 10366 | D:9      | Reached ** piety under Vehumet
 11488 | D:9      | Found Xiumputt's Weapon Emporium.
 11722 | D:9      | Offered knowledge of Searing Ray by Vehumet.
 11722 | D:9      | Reached skill level 10 in Spellcasting
 11858 | D:9      | Noticed Joseph
 11889 | D:9      | Killed Joseph
 12459 | Orc:1    | Entered Level 1 of the Orcish Mines
 12473 | Orc:1    | Noticed an orc sorcerer
 12502 | D:10     | Entered Level 10 of the Dungeon
 12514 | D:10     | Noticed ReniFell's ghost (novice MiFi)
 13311 | D:10     | Noticed an unseen horror
 13326 | D:10     | Lost mutation: Scrolls take you a little longer to read. [potion of cure mutation]
 13326 | D:10     | Lost mutation: You are weak. (Str -2) [potion of cure mutation]
 13326 | D:10     | Lost mutation: You have an increased reservoir of magic (+10% MP). [potion of cure mutation]
 13326 | D:10     | Lost mutation: You tend to lose your temper in combat. [potion of cure mutation]
 13327 | D:10     | HP: 2/69 [unseen horror (8)]
 13544 | D:10     | Reached *** piety under Vehumet
 13595 | D:10     | Reached skill level 10 in Air Magic
 13651 | D:10     | Killed an unseen horror
 13651 | D:10     | Reached XP level 11. HP: 48/74 MP: 6/25
 13672 | D:10     | Noticed a hill giant
 13966 | D:10     | Got a pitted long sword
 14030 | D:10     | Killed ReniFell's ghost
 14099 | D:10     | Killed a hill giant
 14684 | D:10     | Offered knowledge of Fulminant Prism by Vehumet.
 14964 | D:10     | Learned a level 6 spell: Bolt of Fire
 14972 | D:10     | Learned a level 7 spell: Delayed Fireball
 15091 | D:11     | Noticed a hill giant
 15134 | D:10     | Killed a hill giant
 15134 | D:10     | Reached skill level 11 in Spellcasting
 15508 | D:11     | Noticed a purple ugly thing
 15532 | D:11     | Killed a purple ugly thing
 15532 | D:11     | Reached skill level 10 in Conjurations
 15783 | D:11     | Noticed Erica
 15883 | D:11     | Killed Erica
 15944 | D:11     | Reached **** piety under Vehumet
 16157 | D:11     | Noticed Sonja
 16164 | D:11     | Killed Sonja
 16322 | D:11     | Offered knowledge of Sticky Flame by Vehumet.
 16328 | D:11     | Learned a level 4 spell: Sticky Flame
 16465 | D:11     | Found Qeitymis's Antique Weapon Boutique.
 16558 | D:11     | Noticed a hill giant
 16599 | D:11     | Killed a hill giant
 17140 | D:11     | Noticed a brown ugly thing
 17151 | D:11     | Killed a brown ugly thing
 17156 | D:11     | Gained mutation: Your tail ends in a poisonous barb. [mutagenic meat]
 17157 | D:11     | Gained mutation: You have sharp toenails. [mutagenic meat]
 17158 | D:11     | Gained mutation: You have a pair of small antennae on your head. [mutagenic meat]
 17358 | D:11     | Found a staircase to the Lair.
 17377 | Lair:1   | Entered Level 1 of the Lair of Beasts
 17509 | Lair:1   | Reached skill level 5 in Fire Magic
 17522 | Lair:1   | Reached XP level 12. HP: 81/81 MP: 15/27
 18219 | Lair:1   | Reached skill level 12 in Spellcasting
 19401 | Lair:2   | Noticed a four-headed hydra
 19415 | Lair:2   | Killed a four-headed hydra
 19637 | Lair:2   | Reached ***** piety under Vehumet
 19991 | Lair:3   | Offered knowledge of Throw Icicle by Vehumet.
 20625 | Lair:3   | Found a staircase to the Shoals.
 21679 | Lair:4   | Reached skill level 13 in Spellcasting
 21935 | Lair:4   | Noticed a death yak
 22081 | Lair:4   | Noticed a death yak
 22081 | Lair:4   | Noticed a death yak
 22111 | Lair:4   | Slain by a death yak

Vault maps used:
D:1:      minmay_arrival_stair_chambers
D:2:      lemuel_doored_altar
D:3:      corexii_shack_village, portal_sewer_entry_d
D:4:      kennysheep_ying_yang, lemuel_crystal_altar, temple_fountains,
          minmay_misc_feat_ornament, corexii_checkpoint_b, minmay_statues_item,
          st_stairs_2, grunt_ministairs_8
D:5:      nicolae_dithmenos_shadow_blocks, first_bread, uniq_blork_the_orc,
          uniq_grinder
D:6:      serial_shops, shop, nrook_mini_vaults, uniq_eustachio
D:7:      kennysheep_mini_moat, lemuel_crystal_altar, kennysheep_little_box,
          nemelex_xobeh_ov_fountains_minmay, grunt_livestock
D:8:      grunt_temple_overflow_gold_and_silver, gammafunk_temple_overflow_claw
D:9:      minmay_ornate_pinched, orc_david_3, uniq_joseph
D:11:     grunt_lair_entry_orc_guard_hut, serial_shops, shop, uniq_erica,
          uniq_sonja
Temple:   corrupted_temple
Lair:1:   grunt_megastairs_4
Lair:2:   minivault_24
Lair:3:   minmay_shoals_entry_beasts
Orc:1:    basic_altar, uniq_gastronok
Sewer:    sewer_minmay_w

Skill      XL: |  1  2  3  4  5  6  7  8  9 10 11 12 |
---------------+-------------------------------------+-----
Conjurations   | 2 3 4 5 6 7 8 9 10 11 | 11.8
Spellcasting   | 4 5 6 7 9 10 11 13 | 13.0
Air Magic      | 1 4 8 10 11 12 | 12.3
Fire Magic     | 2 3 5 6 |  6.0
Dodging        | |  1.7
Stealth        | |  1.7
Summonings     | |  1.0
Translocations | |  1.0

Action                   |  1- 3 |  4- 6 |  7- 9 | 10-12 || total
-------------------------+-------+-------+-------+-------++-------
Melee: Unarmed           |    19 |       |       |       ||    19
       Club              |    35 |    15 |       |       ||    50
       Tailslap          |     5 |    13 |    30 |    54 ||   102
       Dagger            |       |   159 |    78 |       ||   237
       Flail             |       |    14 |    14 |       ||    28
       Rapier            |       |       |   162 |   513 ||   675
 Cast: Magic Dart        |   111 |   105 |    66 |   133 ||   415
       Mephitic Cloud    |       |    11 |    48 |   105 ||   164
       Conjure Flame     |       |     5 |     8 |    29 ||    42
       Call Imp          |       |    16 |    12 |    23 ||    51
       Blink             |       |       |     3 |     7 ||    10
       Fireball          |       |       |     9 |    60 ||    69
       Sticky Flame      |       |       |       |    67 ||    67
       Bolt of Fire      |       |       |       |     2 ||     2
 Abil: Breathe Lightning |       |       |     1 |     3 ||     4
Evoke: Club              |       |       |       |     4 ||     4
  Use: Scroll            |     4 |     4 |     3 |       ||    11
       Potion            |       |       |       |     7 ||     7
 Stab: Confused          |       |     5 |    13 |    24 ||    42
       Sleeping          |       |     1 |       |     1 ||     2
  Eat: Chunk             |     2 |    12 |    19 |    42 ||    75
       Royal jelly       |       |       |     1 |     1 ||     2
       Pizza             |       |       |     2 |     3 ||     5
       Beef jerky        |       |       |     2 |     3 ||     5
       Fruit             |       |       |       |     2 ||     2
Armor: Skin              |    37 |    67 |    93 |   255 ||   452
Dodge: Dodged            |    79 |   123 |   119 |   397 ||   718
